[Event "U.S. Chess Championship 2022"]
[Site "Chess.com"]
[Date "2022.10.15"]
[Round "10"]
[White "Moradiabadi, Elshan"]
[Black "Niemann, Hans Moke"]
[Result "0-1"]
[WhiteElo "2534"]
[BlackElo "2699"]
[ECO "E61"]
[EventDate "2022.??.??"]
[Annotator "rafael"]
[PlyCount "76"]
[Beauty "7766374616076"]
[EventType "swiss"]
[EventRounds "11"]
[TimeControl "5400+30"]

1.d4 Nf6 2.Nf3 g6 3.c4 Bg7 4.Nc3 O-O 5.Bg5 {This move is a specialty of GMs Mamedyarov and Dubov, who often use it in blitz games.} 5...c5 6.d5 d6 7.e3 {There's nothing wrong with advancing the pawn two squares.} ( 7.e4 ) 7...Nbd7 {Black usually chases the white bishop immediately with} ( 7...h6 8.Bh4 g5 9.Bg3 Nh5 {with a position similar to the one we will have in the game.} ) 8.Be2 ( 8.Nd2 {is an interesting possibility to avoid Black's plan.} ) 8...h6 9.Bh4 g5 $1 10.Bg3 Nh5 {This is thematic in the King's Indian Defense. Black's bishop is a monster, especially now that it has no rival. Of course, there is a price to pay for it with the frailty of the structure on the kingside. But this price is not so expensive, and Black's position is comfortable.} 11.Qc2 Ndf6 12.Nd2 a6 13.a4 Bd7 14.a5 {The first new move of the game. I don't quite understand the purpose of this move, as Black was not threatening b5. Whenever I'm in doubt, I like castling; this move was played in the only previous example.} ( 14.O-O Ng4 $6 ( 14...Nxg3 15.hxg3 Ng4 {is better, similar to the game.} ) 15.Nde4 Bf5 16.Nf6+ Ngxf6 17.Qxf5 {with a clear advantage for White in Agrest-Bologan, Istanbul 2003.} ) 14...Rb8 15.O-O Nxg3 ( 15...b5 {is another possible plan and also gives Black a good game.} 16.axb6 Rxb6 ) 16.hxg3 Ng4 $1 {Preparing the f-pawn advance. Black has possibilities on both flanks.} 17.Qd1 f5 18.e4 $1 {It's necessary to activate the pieces. Capturing the knight would be very bad; White is practically paralyzed in the resulting position.} ( 18.Bxg4 fxg4 ) 18...Ne5 19.exf5 ( 19.f4 $2 Ng4 20.Bxg4 fxg4 {and the bishop pair is very strong.} ) 19...Bxf5 20.Nf3 $1 Qe8 {This move doesn't seem to be the most accurate. There are two interesting alternatives: avoid the exchange with 20...Ng6 or open the queenside with 20...b6. Black has a small advantage in both cases.} ( 20...Ng6 ) ( 20...b6 ) 21.Nxe5 Bxe5 22.Bh5 Bg6 23.Bxg6 Qxg6 24.Qe2 {With the exchange of one of the bishops and the chances of taking a knight to e4, White's position becomes acceptable.} 24...Rf7 25.Ne4 ( 25.g4 {is interesting with the idea of g3-Kg2.} ) 25...Bd4 26.Ra3 ( 26.g4 {Now this move is not very good.} 26...b5 27.axb6 Rxb6 28.Ra2 h5 $1 29.gxh5 Qf5 {and the white pieces are very passive.} ) 26...g4 $1 27.Rd3 Rf5 $6 {This move is slow. Black should finally open the b-file.} ( 27...b5 $1 28.axb6 Rxb6 {with a clear advantage.} ) 28.Qd2 $1 {Avoiding a pin after Re5 and preparing an exchange sacrifice on d4.} 28...Rbf8 29.b4 $1 {The game becomes very sharp.} 29...Re5 ( 29...Qg7 {is an attempt to minimize the effect of the exchange sacrifice. A possible line ends in perpetual check:} 30.bxc5 dxc5 31.Rxd4 Qxd4 ( 31...cxd4 $6 32.Nc5 ) 32.Qxh6 Qxe4 33.Qg6+ Kh8 34.Qh6+ ) 30.bxc5 dxc5 31.Rxd4 $1 cxd4 32.Nc5 {The computer still evaluates the position as equal, but White's position is much easier to play.} 32...Ref5 $2 ( 32...Qf5 $1 {is the best move, according to the machine.} ) 33.Qxd4 h5 34.Ne6 ( 34.Qe4 $1 {is even better.} ) 34...R8f6 $6 ( 34...R8f7 {The rook is better positioned on f7, defending the e7-pawn.} ) 35.Nf4 $2 ( 35.Qb6 $1 {is much stronger, attacking the b7-pawn and also threatening a check on d8. Now we can see why it would be better to have the rook on f7.} ) 35...Qh7 36.Qa7 ( 36.Ne6 $1 {It's more accurate to return the knight, admitting the mistake of the previous move. In this case White still has the advantage.} ) 36...h4 $1 37.Qxb7 $2 ( 37.Re1 {is better. The position remains extremely complicated, but there is a dynamic balance. A possible variation goes:} 37...hxg3 38.fxg3 Rxf4 $5 39.gxf4 g3 40.Qe3 Qh2+ 41.Kf1 Qh1+ 42.Ke2 Qxg2+ 43.Kd3 Qb2 44.Qxg3+ Kf8 45.Qe3 Qb3+ 46.Kd4 Qb2+ 47.Kd3 {with a draw.} ) 37...hxg3 38.fxg3 $2 {The final mistake. Now Black can exploit a nice tactical theme.} ( 38.Qc8+ {is forced. Black has an advantage after} 38...Kf7 39.fxg3 Rh6 40.Kf2 Re5 $1 {as White's king is very insecure.} ) 38...e5 $3 {A pretty move, winning immediately. White doesn't have time to capture \"en passant\" and loses material.} ( 38...e5 39.Qc8+ ( 39.Qxh7+ Kxh7 ) 39...Rf8 40.Qe6+ Qf7 ) 0-1

[Event "U.S. Chess Championship 2022"]
[Site "Chess.com"]
[Date "2022.10.17"]
[Round "11"]
[White "Swiercz, Dariusz"]
[Black "Sevian, Samuel"]
[Result "0-1"]
[WhiteElo "2652"]
[BlackElo "2684"]
[ECO "C83"]
[EventDate "2022.??.??"]
[Annotator "rafael"]
[PlyCount "84"]
[Beauty "7495791683615"]
[EventType "swiss"]
[EventRounds "11"]
[TimeControl "5400+30"]

{This game illustrates well how opening preparation has reached the highest level in some variations. A new move appears only on move $1} 
1.e4 e5 2.Nf3 Nc6 3.Bb5 a6 4.Ba4 Nf6 5.O-O Nxe4 {The Open Ruy Lopez is one of the most reliable possibilities for Black and has been used by several super GMs.} 6.d4 b5 7.Bb3 d5 8.dxe5 Be6 9.Nbd2 Be7 10.c3 Nc5 {A variation that is in vogue and in which White has not yet been able to prove an advantage, despite the dangers for Black and the need to remember many lines.} ( 10...O-O {was played by Sevian on round nine against Dominguez. He suffered a little but was able to make a draw.} ) 11.Bc2 d4 12.Nb3 d3 13.Bb1 Nxb3 14.axb3 Bf5 15.Re1 ( 15.Be3 {is the most popular move.} ) 15...O-O 16.h3 Qd7 17.b4 Rfd8 {An important position for the theory of this line. There are over 100 games in my database; most are played in correspondence chess.} 18.Bf4 ( 18.g4 {is also possible and might transpose to the game.} ) 18...a5 $1 {A thematic move that is necessary to give life to Black's pieces.} 19.g4 Bg6 20.bxa5 Rxa5 21.Ba2 $1 {The good old Spanish bishop comes to haunt Black's king, but no one is afraid of these things when the preparation is well done.} 21...Rf8 {An exotic move but necessary. The rook releases the d8-square for the queen and anticipates the opening of the f-file after the e5-e6 move. Everything is still well-known. Many correspondence games prove the correctness of Black's position.} ( 21...Rda8 {is also possible.} 22.e6 Qd8 23.exf7+ Kh8 24.Ng5 $1 {and the position looks scary for Black, but it's OK if you know all the computer moves, it seems.} ) 22.b4 ( 22.e6 {transposes to the game after} 22...Qd8 23.exf7+ Kh8 24.b4 Ra4 ) 22...Ra4 23.e6 Qd8 24.exf7+ Kh8 {Sorry to be repetitive, but everything is still theoretical. Unbelievable $1} ( 24...Bxf7 {has also been played.} 25.Bxf7+ Rxf7 26.Rxa4 bxa4 27.Bc1 {and the d3 pawn will fall, although Black can get compensation thanks to the passed pawn on a4.} ) 25.Be6 {A new move, at last.} ( 25.Bd2 {was played in dozens of correspondence games.} 25...h6 $1 26.Be6 Rxa1 27.Qxa1 Bxf7 {with equality.} ) 25...Rxa1 26.Qxa1 Bxf7 27.Qa2 Bg6 $1 {The best move to pose problems for White.} ( 27...Bxe6 28.Qxe6 d2 $1 ( 28...Rxf4 $2 29.Qxc6 ) 29.Rd1 Qe8 30.Qe4 Qf7 31.Qxc6 Qxf4 32.Kg2 {with equality.} ) 28.Qd2 h6 29.Kg2 Bd6 30.Bxd6 Qxd6 31.Nh4 $6 {The first step in the wrong direction.} ( 31.Bb3 {is better.} ) 31...Bh7 32.Nf5 ( 32.f4 {This difficult move is suggested by the computer.} 32...Rxf4 ( 32...Qxf4 33.Qxf4 Rxf4 34.Bd5 g5 $1 35.Nf3 {will likely end in a draw.} ) 33.Nf5 Bxf5 34.Bxf5 Qd5+ 35.Kg1 Rxf5 36.gxf5 Ne5 37.Rxe5 Qxe5 38.Qxd3 {with a draw.} ) 32...Bxf5 33.Bxf5 $6 ( 33.gxf5 {is the best move.} 33...Ne5 ( 33...Ne7 34.Re3 Nxf5 35.Bxf5 Rxf5 36.Qxd3 {with a draw.} ) 34.Re4 $1 {and White is holding.} ) 33...Ne5 ( 33...Ne7 $1 {is more accurate.} 34.Be4 ( 34.Bxd3 $2 Ng6 {and the knight arrives at f4 with unpleasant effects.} ) ( 34.Rxe7 Qxe7 35.Qxd3 Qf6 {White will hardly be able to hold this endgame.} ) 34...Nd5 {with a big advantage for Black.} ) 34.f4 $1 {Now the game is close to a draw.} 34...Rxf5 35.fxe5 $4 {A blunder, losing immediately.} ( 35.gxf5 $4 {is also bad.} 35...Qd5+ 36.Kg3 Qf3+ 37.Kh2 Nc4 $19 ) ( 35.Rxe5 $1 {is the only move but an adequate one.} 35...Rf8 ( 35...Rxe5 36.fxe5 {is a draw.} ) 36.h4 $1 {White is out of danger after this nice move, preparing h4-h5 stabilizing the structure on the kingside.} ) 35...Qd5+ {Black now creates a decisive attack with the heavy pieces.} 36.Kg1 Rf3 37.Qg2 d2 38.Rd1 Qd3 39.Rxd2 Qe3+ 40.Kh2 Qf4+ 41.Kg1 Rg3 42.Re2 Qf3 0-1

[Event "U.S. Women's Chess Championship 2022"]
[Site "Chess.com"]
[Date "2022.10.14"]
[Round "9"]
[White "Cervantes Landeiro, Thalia"]
[Black "Foisor, Sabina Francesca"]
[Result "1-0"]
[WhiteElo "2272"]
[BlackElo "2203"]
[ECO "D46"]
[EventDate "2022.??.??"]
[Annotator "rafael"]
[PlyCount "95"]
[Beauty "7148436211739"]
[EventType "game"]
[TimeControl "5400+30"]

1.d4 d5 2.c4 c6 3.Nf3 Nf6 4.e3 e6 5.Bd3 Nbd7 6.Nc3 Bd6 {This is a not very popular variation of the Semi-Slav Defense.} ( 6...dxc4 {is better.} ) 7.O-O O-O 8.e4 $1 dxe4 {It's difficult to say which pawn Black should capture. The move played is a little passive.} ( 8...dxc4 9.Bxc4 e5 {With a small advantage for White. There's a lot of theory here.} ) 9.Nxe4 Nxe4 10.Bxe4 Nf6 ( 10...c5 {is more accurate.} ) 11.Bc2 c5 12.dxc5 {This is not the most dangerous move for Black. There are two very promising alternatives.} ( 12.Qd3 h6 13.Rd1 Qc7 14.dxc5 Bxc5 15.b4 $1 {followed by the development of the bishop on b2 with a strong initiative. Krasenkow-Krzyzanowski, Warsaw 2020.} ) ( 12.Bg5 h6 13.Bh4 cxd4 14.Qd3 Re8 15.Nxd4 {with advantage for White. Andreikin-Klukin Chess.com 2022.} ) 12...Bxc5 13.Qe2 h6 $6 {Too slow. It's best to start queenside development right away.} ( 13...b6 ) 14.Bf4 $6 ( 14.Ne5 $1 {leads to a very strong attack with a maneuver similar to the one played in the game.} 14...b6 15.Rd1 Qc7 16.Rd3 ) 14...b6 15.Rad1 Qe7 16.Ne5 Bb7 17.Rd3 {Only this is a new move. Opening theory is really far advanced in some variations. This move is very natural, taking the rook to the attack.} 17...Be4 18.Rh3 Bxc2 19.Qxc2 Qb7 $2 {This move allows the typical sacrifice on h6 in circumstances favorable to White.} ( 19...Nd7 {doesn't solve the problems either.} 20.Nxd7 Qxd7 21.Rg3 ( 21.b4 $5 {is even better, according to the machine.} ) ( 21.Bxh6 {is premature:} 21...gxh6 22.Rd1 Qe7 23.Rxh6 f5 24.Rd3 Rf7 {and the attack can apparently be parried.} ) 21...Kh8 22.Qc1 {with strong pressure.} ) ( 19...Rfc8 $5 {is an interesting attempt, preparing the king's escape.} ) 20.Qc1 $2 ( 20.Bxh6 $1 {wins mathematically:} 20...gxh6 21.Qd2 $1 {An important move.} ( 21.Rxh6 $2 Qe4 ) 21...Nh7 22.b4 $1 ( 22.Qxh6 {is not so clear, since Black has an incredible escape after} 22...f6 23.Rg3+ Ng5 24.h4 Qh7 $1 ) 22...f6 ( 22...Be7 23.Qxh6 Qe4 24.f3 Qf5 25.g4 Qc2 26.Rc1 {wins.} ) 23.Rg3+ Ng5 24.bxc5 fxe5 25.h4 {White recovers material and the attack continues.} ) 20...h5 ( 20...Qe4 $2 21.Bxh6 $1 Qxe5 22.Bxg7 ) ( 20...Nh7 {is more solid.} ) 21.Bh6 {A flashy move and almost irresistible for any human, but the computer is not impressed.} ( 21.Bg5 Ne4 22.Nd3 $1 {with an advantage.} ) ( 21.Bd2 {is the machine's favorite move, with the idea of placing the bishop on c3. This is a very difficult move.} ) 21...Ne4 $1 {For now Foisor defends very well.} ( 21...gxh6 $2 22.Qxh6 {with a decisive attack.} ) 22.Rxh5 f6 $1 23.Ng4 Qf7 $1 ( 23...gxh6 $2 24.Nxh6+ Kg7 25.Nf5+ $1 exf5 26.Qh6+ Kf7 27.Qh7+ {winning the queen.} ) 24.Rh4 Rfd8 $2 {This move loses.} ( 24...Qg6 $1 {The situation is not so clear after} 25.Be3 Rad8 {White is a pawn up, but her pieces are a bit clumsy, and Black is no longer going to be mated.} ) 25.Bxg7 $1 Qxg7 ( 25...Kxg7 26.Qh6+ Kg8 27.Qh8# ) 26.Nh6+ Kf8 27.Rxe4 {The game is over. White is two pawns up, and the attack persists.} 27...e5 28.Rg4 Qh7 29.Rg8+ Ke7 30.Rg7+ $1 Qxg7 31.Nf5+ {The rest is easy.} 31...Kf7 32.Nxg7 Kxg7 33.Qc3 a5 34.Qg3+ Kf7 35.Qf3 Ra7 36.Rd1 Rxd1+ 37.Qxd1 Ke7 38.h4 Rd7 39.Qe2 Rd4 40.g3 Ke6 41.h5 Kf5 42.Kg2 Kg5 43.Kh3 Kh6 44.Qf3 Kg5 45.g4 Rf4 46.Qb7 Rxf2 47.Kg3 Kh6 48.Qf7 1-0

[Event "European Chess Club Cup 2022"]
[Site "Mayrhofen"]
[Date "2022.10.04"]
[Round "2"]
[White "Carlsen, Magnus"]
[Black "Naumann, Alexander"]
[Result "1-0"]
[WhiteElo "2856"]
[BlackElo "2513"]
[ECO "C45"]
[EventDate "2022.??.??"]
[Annotator "rafael"]
[PlyCount "59"]
[Beauty "8251705923594"]
[EventType "team-tourn"]
[TimeControl "5400+30"]

1.e4 e5 2.Nf3 Nc6 3.d4 exd4 4.Nxd4 Nf6 5.Nxc6 bxc6 6.e5 Qe7 7.Qe2 Nd5 8.Nd2 $5 {This isn't the most popular move, but it was played a few days ago by Erigaisi in a rapid online game, which certainly hasn't escaped Carlsen's team's attention.} 8...Nf4 $5 ( 8...g6 {This is the main move. The aforementioned game followed} 9.c4 Nf4 10.Qe3 Ne6 11.b3 Bg7 12.Bb2 O-O 13.Ne4 {and Erigaisi later won this complicated position against Le Quang Liem.} ) 9.Qe3 ( 9.Qe4 {is an important alternative. This prevents Black's next move, but the queen can become a target on e4.} 9...Ng6 10.f4 ( 10.Nf3 $6 d5 $1 {gives Black good counterplay.} ( 10...f6 $6 {Surprisingly, this is a mistake. White gets a lot of compensation after} 11.Bd2 $1 fxe5 12.O-O-O ) ) 10...d5 11.Qa4 Qc5 12.Nf3 {with chances for both sides.} ) 9...Nd5 ( 9...Ng6 $6 {is weaker with the queen on e3.} 10.Nf3 ) 10.Qe4 f6 ( 10...Nb4 $5 {is a serious alternative. Black got the upper hand after} 11.Nf3 $6 d5 $1 12.Qe2 Bf5 13.Nd4 Nd3+ $1 {in De la Riva Aguado - Linster, Monte Carlo 2013.} ) 11.c4 $146 {A new move, played after a long think. This indicates that Carlsen was out of his preparation. His move is an interesting pawn sacrifice.} ( 11.exf6 Nxf6 12.Qxe7+ Bxe7 13.Bd3 O-O 14.O-O d5 {and the position is equal. Fier-Gupta, Cappelle la Grande 2014.} ) 11...Nb4 12.Kd1 ( 12.a3 $2 {There is no time to drive the knight away.} 12...d5 $1 {and Black wins.} 13.exd6 Qxe4+ 14.Nxe4 Nc2+ ) 12...Qxe5 13.a3 Qxe4 14.Nxe4 Na6 15.b4 {Carlsen's idea is very interesting. In exchange for the pawn, he left the a6-knight out of play. If White manages to complete his development with Bd3, Bb2, and Re1, his initiative can make a big difference.} 15...c5 $6 {An inaccuracy because now Black loses the chance to play d7-d5, an important move to give his pieces a little more life. Of course, this is easy to say with the computer on, but the position is very difficult to play for a human.} ( 15...Nb8 $1 16.Bd3 d5 $1 17.Nc3 dxc4 18.Re1+ Kd8 19.Bxc4 Nd7 {This is the best option for Black, even with doubled pawns and the king on d8. Most important is that the knight is alive, something that will not happen in the game. The position is balanced.} ) 16.b5 Bb7 17.Bd3 Nb8 18.Re1 Kf7 19.Nc3 $1 {A deep move, which I really liked. The idea is to prevent Black's development with d6-Nd7. Karpov, the king of prophylaxis, would be proud.} 19...Bd6 ( 19...d6 {doesn't work now because of} 20.Bf5 $1 {and the bishop destroys Black's position.} ) ( 19...Bxg2 20.Bf4 {is much better for White.} ) 20.f4 $1 {Avoiding Be5, even at the cost of another pawn.} 20...Bxg2 {At least now Black has two pawns in exchange for his suffering.} 21.Kc2 g6 $6 {This move weakens the kingside and is the decisive mistake. It would be better to go back with the bishop immediately, but the position is still very difficult to play. After all, how will the b8-knight enter the game $2} ( 21...Bb7 ) 22.Bb2 $1 Bxf4 $6 ( 22...f5 {This is my computer's favorite move, I imagine to avoid White's f4-f5 move. But how can someone open the diagonal after the opponent places a bishop on b2 $2} ) ( 22...Re8 23.Rxe8 Kxe8 24.f5 $1 {and White destroys the pawn structure on the kingside.} ) 23.Re2 $1 {An elegant move. White gets ready to bring the a1-rook into the game.} 23...Bb7 24.Rf1 {The success of Carlsen's strategy. All his pieces are in the game, while Black's queenside is sleeping.} 24...g5 25.h4 $1 d6 26.hxg5 Be5 ( 26...Bxg5 {There are several winning moves here.} 27.Rfe1 ( 27.Be4 ) ( 27.Ne4 ) ) 27.Ne4 Nd7 28.Nxf6 {It's time to reap the rewards.} 28...Nxf6 29.Bxe5 dxe5 30.Rxe5 {The c5-pawn is about to fall, and the position collapses. An excellent game.} ( 30.Rxe5 Rae8 31.Rxc5 ) 1-0